 Dungeon Crawl Stone Soup version 0.31.0-11-ge490571c62 (webtiles) character file.

Game seed: 6630605007059470750

362 Killerpretzel the Changeling (level 6, -7/41 HPs)
             Began as an Octopode Shapeshifter on Feb 7, 2024.
             Was an Initiate of Gozag.
             Splashed by a jelly's acid (9 damage)
             ... on level 5 of the Dungeon.
             The game lasted 00:16:24 (3689 turns).

Killerpretzel the Changeling (OpSh)                 Turns: 3689, Time: 00:16:24

Health: -7/41      AC: -11   Str: 13    XL:     6   Next: 66%
Magic:  6/6        EV: 14    Int: 13    God:    Gozag
Gold:   288        SH:  0    Dex: 13    Spells: 5/5 levels left

rFire   . .          .
                       - Unarmed
rCold   . . .        (no shield)
rNeg    . . .        (helmet currently unavailable)
rPois   .            (no amulet)
rElec   .            p - ring of flight
rCorr   .            (no ring)
SInv    .            (no ring)
Will    .....        (no ring)
Stlth   ++           (no ring)
HPRegen 0.26/turn    (no ring)
MPRegen 0.10/turn    (no ring)
                     (no ring)

%: no passive effects
@: mighty, beast-form, corroded, flying
A: beast (slay +2), almost no armour, amphibious, 8 rings, camouflage 1,
gelatinous body 1, (nimble swimmer 1), tentacles
a: Begin Untransformation, Renounce Religion, Potion Petition, Call Merchant,
Bribe Branch


You were on level 5 of the Dungeon.
You worshipped Gozag.
Gozag was aware of your devotion.
You were a hulking beast.
You visited 1 branch of the dungeon, and saw 5 of its levels.

You collected 339 gold pieces.
You paid 51 gold pieces to Gozag.

Inventory:

Missiles
 g - 2 throwing nets
Jewellery
 e - an amulet of faith
 n - a +4 ring of protection
 p - a ring of flight (left tentacle)
Talismans
 b - a beast talisman
 c - a flux talisman
 i - a maw talisman
Scrolls
 q - a scroll of teleportation
 s - a scroll of fog {unknown}
 u - a scroll of blinking {unknown}
 v - a scroll of immolation {unknown}
Potions
 a - 2 potions of lignification
 d - a potion of curing {unknown}
 h - a potion of ambrosia {unknown}
 j - 2 potions of mutation
 k - a potion of berserk rage {unknown}
 l - 3 potions of enlightenment
 o - 3 potions of degeneration
 r - a potion of cancellation {unknown}
 t - a potion of haste {unknown}


   Skills:
 + Level 2.9 Fighting
 + Level 3.5 Dodging
 + Level 4.2 Unarmed Combat
 * Level 4.8 Shapeshifting


You had 5 spell levels left.
You didn't know any spells.
Your spell library contained the following spells:

 Spells                   Type           Power      Damage    Failure   Level
 Necrotise                Necr           0%         1d4       30%         1
 Vampiric Draining        Necr           0%         2d6       67%         3
 Martyr's Knell           Necr/Summ      0%         N/A       97%         4
 Curse of Agony           Necr           0%         N/A       100%        5


Dungeon Overview and Level Annotations

Branches:
Dungeon (5/15)
 Temple: D:4-7

Altars:
Cheibriados
Gozag
Kikubaaqudgha
Nemelex Xobeh
Trog
Xom

Annotations:
D:4 exclusion: 2 doors


Innate Abilities, Weirdness & Mutations

You are a hulking beast.
Your limbs bulge with bestial killing power. (Slay +2)
You cannot wear most types of armour.
You are amphibious.
You can wear up to eight rings at the same time.
Your skin changes colour to match your surroundings (Stealth+).
Your rubbery body absorbs attacks. (AC +1, EV +1)
((You are camouflaged when in or above water. (Stealth+)))
You have tentacles for arms and can constrict up to eight enemies at once.


Message History

You now have 288 gold pieces (gained 12).
You hear the hiss of a very distant avalanche of sand.
You see here a +0 dagger.
u - a scroll labelled ZUOCRI PIDUJIW No target in view!
v - a scroll labelled OTEANLAUNE No target in view!
You hear the brisk hiss of a very distant avalanche of sand.
A jelly comes into view.
You throw a poisoned dart. The poisoned dart hits the jelly.
The jelly quivers.
You see here 13 gold pieces.
A jelly is nearby!
You throw a poisoned dart.
The poisoned dart completely misses the jelly.
You tentacle-slap the jelly. The acid corrodes you!
Your tentacles burn!
The jelly is lightly wounded.
The jelly closely misses you.
A jelly is nearby!
You tentacle-slap the jelly. The acid corrodes you!
Your tentacles burn!
The jelly is moderately wounded.
The jelly hits you.
You are splashed with acid!
A jelly is nearby!
You tentacle-slap the jelly but do no damage.
Your tentacles burn!
The jelly is lightly wounded.
The jelly completely misses you.
A jelly is nearby!
You feel very mighty all of a sudden. The jelly hits you.
The acid corrodes you!
You are splashed with acid!
* * * LOW HITPOINT WARNING * * *
You bludgeon the jelly!
Your tentacles burn!
* * * LOW HITPOINT WARNING * * *
You squeeze the jelly, but do no damage.
The jelly is heavily wounded.
The jelly hits you.
* * * LOW HITPOINT WARNING * * *
The acid corrodes you!
You are splashed with acid!
You die...
Your body crumbles into a pile of gold.

# ###.#..## # #...#...#
# #[#####.# # #...#...#
### # ###.#..## #.. #
#....##### #.# #
##........ #..
#######...#######.###?#
..<..))...# #.hJ..((#
#######.#.# #.#######
#.#.# #.# #.#.# #.#
#.#># #.# #...# #.#
#.### ###.### # ###.#
###.....# #
#.#.#.........#####


You could see a jelly.

Vanquished Creatures
  A phantom (D:4)
  A hound (D:5)
  An orc priest (D:3)
  A bombardier beetle (D:4)
  A jelly (D:4)
  An iguana (D:5)
  2 orc wizards (D:5)
  An adder (D:4)
  A ribbon worm (D:2)
  12 orcs
  7 endoplasms
  2 giant cockroaches
  12 goblins
  8 hobgoblins
  8 ball pythons
  7 bats
  4 frilled lizards
  2 kobolds
  A rat (D:3)
73 creatures vanquished.

Notes
Turn   | Place    | Note
-------+----------+-------------------------------------------
     0 | D:1      | Killerpretzel the Octopode Shapeshifter began the quest for
                  | the Orb.
     0 | D:1      | Reached XP level 1. HP: 13/13 MP: 1/1
   180 | D:1      | Reached XP level 2. HP: 18/18 MP: 2/2
   434 | D:1      | Reached XP level 3. HP: 23/23 MP: 3/3
  1816 | D:3      | Reached XP level 4. HP: 23/29 MP: 4/4
  2012 | D:3      | Found a shimmering altar of Xom.
  2015 | D:3      | Found an ancient bone altar of Kikubaaqudgha.
  2015 | D:3      | Found a sparkling altar of Nemelex Xobeh.
  2148 | D:3      | Identified the scarf "Golosoint" {harm, rElec Int+4 Dex+3}
  2193 | D:3      | Found an opulent altar of Gozag.
  2197 | D:3      | Became a worshipper of Gozag Ym Sagoz the Greedy
  2481 | D:4      | Found a snail-covered altar of Cheibriados.
  2603 | D:4      | Noticed a phantom
  2613 | D:4      | Killed a phantom
  2614 | D:4      | Reached XP level 5. HP: 35/35 MP: 5/5
  2712 | D:4      | Noticed a black bear
  3060 | D:4      | Found a bloodstained altar of Trog.
  3160 | D:4      | Reached XP level 6. HP: 41/41 MP: 6/6
  3298 | D:5      | Entered Level 5 of the Dungeon
  3689 | D:5      | HP: 2/41 [jelly (3)]
  3689 | D:5      | Splashed by a jelly's acid

Illustrated notes

Levels and vault maps discovered:
D:1:      dpeg_arrival_oval, layout_rooms, hex_intersection,
          hangedman_decor_growths
D:2:      layout_loops_ring
D:3:      layout_rooms, chequers_temple_overflow_statue_of_worship,
          mainiacjoe_overflow_alcove_4, minmay_tree_intersection,
          minmay_misc_feat_rugged
D:4:      layout_gridville, mainiacjoe_overflow_six_doors_small,
          mainiacjoe_overflow_concentric_impassable
D:5:      layout_loops_ring, worldfamousw_hep_ancestral_shrine,
          lemuel_crystal_altar, enter_ossuary_2

Skill      XL: |  1  2  3  4  5 |
---------------+----------------+-----
Fighting       | 2 |  2.9
Dodging        | 3 |  3.5
Shapeshifting  | 4 |  4.8
Unarmed Combat | 4 |  4.2

Action                     |  1- 3 |  4- 6 || total
---------------------------+-------+-------++-------
  Melee: Unarmed           |    62 |    59 ||   121
         Constrict         |    18 |    14 ||    32
         Tentacles         |    11 |     8 ||    19
         Punch             |     2 |     2 ||     4
  Throw: Boomerang         |    29 |    24 ||    53
         Dart              |     4 |    27 ||    31
    Use: Scroll            |     4 |     4 ||     8
         Potion            |       |     2 ||     2
   Stab: Sleeping          |     8 |       ||     8
 Armour: Skin              |    19 |    26 ||    45
  Dodge: Dodged            |    32 |    21 ||    53
